 Dungeon Crawl Stone Soup version 0.31-a0-831-g143b1e81fc (webtiles) character file.

Game seed: 15360934659960043099

36 Armakuni the Ruffian (level 3, -1/36 HPs)
             Began as a Troll Monk on Sept 24, 2023.
             Slain by a gnoll
             ... wielding a +0 halberd
              (13 damage)
             ... on level 2 of the Dungeon.
             The game lasted 00:01:32 (848 turns).

Armakuni the Ruffian (Troll Monk)                    Turns: 848, Time: 00:01:32

Health: -1/36      AC:  4    Str: 19    XL:     3   Next: 19%
Magic:  2/2        EV: 10    Int:  6    God:
Gold:   70         SH:  0    Dex: 14    Spells: 2/2 levels left

rFire   . .          .
                       - Unarmed
rCold   . . .        c - orb {light}
rNeg    . . .        a - +0 robe
rPois   +            (helmet restricted)
rElec   .            (no cloak)
rCorr   .            (gloves unavailable)
SInv    .            (boots unavailable)
Will    .....        (no amulet)
Stlth   +            P - ring of poison resistance
HPRegen 1.06/turn    (no ring)
MPRegen 0.08/turn

%: no passive effects
@: glowing
A: large, unfitting armour, claws 3, regeneration 1, shaggy fur 1, tough skin 1
a: no special abilities


You were on level 2 of the Dungeon.
You visited 1 branch of the dungeon, and saw 2 of its levels.

You collected 70 gold pieces.

Inventory:

Armour
 a - a +0 robe (worn)
 c - an orb of light (worn)
Jewellery
 P - a ring of poison resistance (left claw)
Scrolls
 d - a scroll of noise {unknown}
 e - a scroll of identify {unknown}
Potions
 b - a potion of ambrosia
 f - a potion of might {unknown}


   Skills:
 - Level 2.4 Fighting
 - Level 2.4 Dodging
 + Level 4.3 Unarmed Combat


You had 2 spell levels left.
You didn't know any spells.
Your spell library was empty.

Dungeon Overview and Level Annotations

Branches:
Dungeon (2/15)

Altars:

Shops:
D:1 :


Innate Abilities, Weirdness & Mutations

You are too large for most types of armour.
You have claws for hands.
Your natural rate of healing is unusually fast.
You are covered in fur. (AC +1)
You have tough skin. (AC +1)


Message History

The bat attacks as it pursues you! The bat hits you.
The bat closely misses you. The bat hits you but does no damage.
There is an open door here.
The bat attacks as it pursues you! The bat closely misses you.
The bat hits you. The bat misses you. The bat hits you but does no damage.
The bat hits you but does no damage.
You claw the bat!
You kill the bat!
You aren't carrying any items that you can evoke.
The hobgoblin barely misses you.
You claw the hobgoblin!
You kill the hobgoblin!
The gnoll hits you from afar with a +0 halberd!
The gnoll attacks as it pursues you! The gnoll misses you.
You open the door.
The gnoll hits you from afar with a +0 halberd.
A kobold comes into view. It is wielding a +0 dagger.
The kobold shouts!
A bat comes into view.
The gnoll attacks as it pursues you!
The gnoll hits you from afar with a +0 halberd.
There is an open door here.
You claw the kobold!
You kill the kobold!
The gnoll hits you from afar with a +0 halberd!
Okay, then.
Okay, then.
The bat hits you. The gnoll attacks as it pursues you!
The gnoll barely misses you.
Found a stone staircase leading up.
The bat closely misses you. The bat hits you but does no damage.
The bat barely misses you.
You closely miss the bat. The bat hits you but does no damage.
The gnoll hits you from afar with a +0 halberd.
The bat hits you but does no damage. The gnoll attacks as it pursues you!
The gnoll hits you from afar with a +0 halberd!
You die...

#......
#.....
####.....
#...<...
#......#
#.....b#
#......#
#....@.#
#......#
#....g.#
#.....B#
#..)...#
####g###
#.# #g#
#.....#
#.#
#.....#


You could see 3 gnolls, a giant cockroach and a bat.

Vanquished Creatures
  3 endoplasms (D:1)
  3 giant cockroaches
  2 goblins (D:1)
  2 hobgoblins
  6 jackals (D:1)
  4 ball pythons
  4 bats
  3 frilled lizards (D:1)
  3 kobolds
  A rat (D:1)
31 creatures vanquished.

Notes
Turn   | Place    | Note
-------+----------+-------------------------------------------
     0 | D:1      | Armakuni the Troll Monk began the quest for the Orb.
     0 | D:1      | Reached XP level 1. HP: 22/22 MP: 0/0
   118 | D:1      | Found a faded altar of an unknown god.
   206 | D:1      | Found Qieciaf's Book Shoppe.
   234 | D:1      | Reached XP level 2. HP: 28/29 MP: 1/1
   268 | D:1      | Reached skill level 4 in Unarmed Combat
   592 | D:1      | Reached XP level 3. HP: 36/36 MP: 2/2
   848 | D:2      | Slain by a gnoll

Illustrated notes

Levels and vault maps discovered:
D:1:      enne_arrival_octagon_isle, layout_loops_ring,
          ebering_ecumenical_altar_webs, serial_glass, glass_columns_a,
          glass_columns_c, serial_shops, nicolae_shop_trees, minivault_19,
          minmay_pentomino_r4
D:2:      layout_basic, chequers_serial_rivers_micro_a

Skill      XL: |  1  2 |
---------------+-------+-----
Unarmed Combat | 4 |  4.3
Fighting       | |  2.4
Dodging        | |  2.4

Action                     || total
---------------------------++-------
  Melee: Unarmed           ||    53
 Armour: Robe              ||    26
  Dodge: Dodged            ||    31

Table legend: (Time is in decaauts)
 A = Elapsed time spent in this place.
 B = Non-inter-level travel time spent in this place.
 C = Inter-level travel time spent in this place.
 D = Time resting spent in this place.
 E = Time spent auto-exploring this place.
 F = Levels seen in this place.
 G = Mean time per level.
                   A        B        C        D        E       F      G
               +--------+--------+--------+--------+--------+-----+--------+
         Total |    843 |    813 |     30 |      0 |    620 |   2 |  421.5 |
       Dungeon |    843 |    813 |     30 |      0 |    620 |   2 |  421.5 |
               +--------+--------+--------+--------+--------+-----+--------+

Top non-repeatable levels by time:
     D:1: 697 daAuts
     D:2: 146 daAuts
